 Dungeon Crawl Stone Soup version 0.14-a0-836-g5210f43 (webtiles) character file.

1917 Jake482 the Grappler (level 8, -4/74 HPs)
             Began as a Troll Monk on Nov 12, 2013.
             Slain by an orc warrior
             ... wielding a +0,+3 orcish great mace
              (12 damage)
             ... on Level 6 of the Dungeon on Nov 13, 2013.
             The game lasted 00:45:53 (5629 turns).

Jake482 the Grappler (Troll Monk)                   Turns: 5629, Time: 00:45:54

HP  -4/74        AC  9     Str 21 (22) XL: 8   Next: 92%
MP   2/2         EV 10     Int  8      God:
Gold 30          SH  0     Dex 14      Spells:  0 memorised,  7 levels left

Res.Fire  : + . .   See Invis. : .     - Unarmed
Res.Cold  : x . .   Warding    : .   g - +2 robe
Life Prot.: . . .   Conserve   : .   (shield restricted)
Res.Poison: .       Res.Corr.  : .   (helmet restricted)
Res.Elec. : .       Clarity    : +   A - +1 cloak of Zin's Vengeance {Str+2 Int+2}
Sust.Abil.: . .     Spirit.Shd : .   (gloves unavailable)
Res.Mut.  : .       Stasis     : .   (boots unavailable)
Res.Rott. : .       Flight     : .   s - amulet of clarity
Gourmand  : +                        (no ring)
                                     h - cursed ring of fire

@: slightly resistant to hostile enchantments, unstealthy
A: unfitting armour, claws 3, fast metabolism 3, gourmand, regeneration 2,
saprovore 2, tough skin 2, AC +1
a: no special abilities


You were on level 6 of the Dungeon.
You were very full.

You visited 2 branches of the dungeon, and saw 8 of its levels.

You collected 186 gold pieces.
You spent 156 gold pieces at shops.

Inventory:

Missiles
 c - 35 stones (quivered)
Armour
 g - a +2 robe (worn)
 A - the +1 cloak of Zin's Vengeance (worn) {Str+2 Int+2}
   (You bought it in a shop on level 6 of the Dungeon)

   It affects your strength (+2).
   It affects your intelligence (+2).
Comestibles
 a - 2 chokos
 b - 3 meat rations
 l - 2 bread rations
 m - 2 pears
 p - an apple
 q - a sausage
 C - a rotting chunk of electric eel flesh
Scrolls
 d - 7 scrolls of teleportation
 e - 6 scrolls of identify
 k - 2 scrolls of enchant weapon I {unknown}
 n - 4 scrolls of remove curse
 r - 2 scrolls of random uselessness {unknown}
 u - a scroll of enchant armour {unknown}
 w - 2 scrolls of noise
 x - a scroll of enchant weapon II {unknown}
 y - a scroll of curse armour {unknown}
 z - a scroll of blinking {unknown}
Jewellery
 h - a cursed ring of fire (left claw)
 j - an uncursed ring of teleportation
 s - an amulet of clarity (around neck)
Potions
 f - 3 potions of restore abilities
 i - 4 potions of curing
 o - 3 potions of heal wounds {unknown}
 t - a potion of confusion {unknown}
Books
 v - a book of the Warp

   Spells                             Type                      Level
   Recall                             Summoning/Translocation      3
   Control Teleport                   Charms/Translocation         4
   Phase Shift                        Translocation                5
   Warp Weapon                        Charms/Translocation         5
   Dispersal                          Translocation                6
   Controlled Blink                   Translocation                7
   Disjunction                        Translocation                8


   Skills:
 - Level 2.4 Fighting
 - Level 1.0 Armour
 - Level 2.4 Dodging
 - Level 1.1 Stealth
 + Level 11.9 Unarmed Combat


You had 7 spell levels left.
You didn't know any spells.

Dungeon Overview and Level Annotations

Branches:
Dungeon (7/16)             Temple (1/1) D:6
    Orc: D:6-11

Altars:
Ashenzari
Cheibriados
Elyvilon
Fedhas
Kikubaaqudgha
Makhleb
Nemelex Xobeh
Okawaru
Sif Muna
Trog
Vehumet
Xom
Yredelemnul
the Shining One

Shops:
D:5 /?   D:6 [


Innate Abilities, Weirdness & Mutations

You are too large for most types of armour.
You have claws for hands.
Your metabolism is lightning-fast.
You like to eat raw meat.
You heal very quickly.
You can eat rotten meat.
You are covered in fur (AC +1).
You have very tough skin (AC +2).


Message History

There is a stone staircase leading up here.
The orc warrior hits you with an orcish great mace!
* * * LOW HITPOINT WARNING * * *
You climb upwards.
There is a stone staircase leading down here.
Drink which item? (? for menu, Esc to quit)
You feel better.
You feel yourself speed up.
The orc warrior is no longer bleeding.
The orc warrior hits you with an orcish great mace!
* * * LOW HITPOINT WARNING * * *
The orc warrior hits you with an orcish great mace.
* * * LOW HITPOINT WARNING * * *
You barely miss the orc warrior.
The orc warrior is heavily wounded.
You claw the orc warrior!
The orc warrior begins to bleed from its wounds!
The orc warrior is almost dead.
The orc warrior hits you with an orcish great mace!
You die...

........................(....#
.............................#
.............................#
.............................#
.............(...............#
.............................#
.............................#
...............o.............#
................@............#
....≈≈≈≈≈≈≈≈≈................#
....≈≈≈≈≈≈≈≈≈................#
....≈≈≈≈≈≈≈≈≈................#
....≈≈≈≈≈≈≈≈≈................#
....%≈≈≈≈≈≈≈≈................#
...(#########................#
...(# #................# ....#
#....>...........#


You could see an orc warrior (bleeding).

Vanquished Creatures
  An orc warrior (D:6)
  An ogre (D:5)
  A giant goldfish (D:6)
  3 centaurs
  Sigmund (D:5)
  2 giant frogs (D:6)
  3 jellyfish (D:6)
  6 electric eels (D:6)
  A giant frog zombie (D:5)
  2 crimson imps
  The ghost of Somebody the Slasher, an average NaSk (D:3)
  A hound (D:4)
  A quasit (D:6)
  2 orc wizards
  3 big fish (D:6)
  4 worker ants
  A scorpion (D:6)
  A statue (D:6)
  2 iguanas
  6 gnolls
  12 adders
  An inept feature mimic (D:5)
  A giant mite (D:5)
  5 worms
  3 giant geckos
  8 orcs
  A ball python (D:3)
  A bat skeleton (D:6)
  A bat zombie (D:5)
  5 giant cockroaches
  9 goblins
  5 hobgoblins
  3 quokkas
  3 bats
  5 giant newts
  A goblin skeleton (D:5)
  4 jackals (D:3)
  13 kobolds
  A kobold skeleton (D:4)
  A quokka zombie (D:5)
  11 rats
137 creatures vanquished.

Notes
Turn   | Place    | Note
--------------------------------------------------------------
     0 | D:1      | Jake482, the Troll Monk, began the quest for the Orb.
     0 | D:1      | Reached XP level 1. HP: 20/20 MP: 0/0
   179 | D:1      | Reached skill level 1 in Armour
   705 | D:2      | Reached XP level 2. HP: 28/28 MP: 0/0
   731 | D:2      | Found an iron altar of Okawaru.
   882 | D:2      | Reached XP level 3. HP: 26/35 MP: 1/1
   984 | D:2      | Reached skill level 5 in Unarmed Combat
  1394 | D:2      | Reached XP level 4. HP: 16/44 MP: 1/1
  1676 | D:3      | Reached skill level 6 in Unarmed Combat
  1724 | D:3      | Reached XP level 5. HP: 48/50 MP: 1/1
  1847 | D:3      | Noticed Somebody's ghost (average NaSk)
  1860 | D:3      | Killed Somebody's ghost
  2723 | D:4      | Reached skill level 7 in Unarmed Combat
  2763 | D:4      | Reached XP level 6. HP: 46/58 MP: 2/2
  3160 | D:5      | Entered Level 5 of the Dungeon
  3302 | D:5      | Found a basalt altar of Yredelemnul.
  3473 | D:5      | Reached skill level 8 in Unarmed Combat
  3474 | D:5      | Found Thaosm's Magical Wand Shoppe.
  3491 | D:5      | Reached XP level 7. HP: 53/66 MP: 2/2
  3631 | D:5      | Found Chebbih's Magic Scroll Boutique.
  3674 | D:5      | Noticed Sigmund
  3680 | D:5      | Killed Sigmund
  3731 | D:5      | Reached skill level 9 in Unarmed Combat
  4330 | D:6      | Found a radiant altar of Vehumet.
  4478 | D:6      | Reached skill level 10 in Unarmed Combat
  4478 | D:6      | Reached XP level 8. HP: 74/74 MP: 2/2
  5101 | D:6      | Reached skill level 11 in Unarmed Combat
  5117 | D:6      | Found a staircase to the Ecumenical Temple.
  5127 | Temple   | Entered the Ecumenical Temple
  5279 | D:6      | Found Tryafour's Antique Armour Emporium.
  5287 | D:6      | Bought an ichor-stained cloak for 156 gold pieces
  5314 | D:6      | Identified the +1 cloak of Zin's Vengeance {Str+2 Int+2} (You bought it in a shop on level 6 of the Dungeon)
  5629 | D:6      | Slain by an orc warrior

Action                   |  1- 3 |  4- 6 |  7- 9 || total
-------------------------+-------+-------+-------++-------
Melee: Unarmed           |    65 |   198 |   157 ||   420
  Use: Scroll            |     4 |     3 |       ||     7
       Potion            |       |     4 |     1 ||     5
 Stab: Sleeping          |     2 |       |     3 ||     5
